 Dungeon Sprint DCSS version 0.18.1-1-g2f07953 (webtiles) character file.

23030 profreshinal the Executioner (level 13, -10/123 HPs)
             Began as a Hill Orc Skald on May 6, 2016.
             Was a High Priest of Okawaru.
             Mangled by a harpy (13 damage)
             ... summoned by Kirke
             ... in the Dungeon (Sprint IX: "|||||||||||||||||||||||||||||").
             The game lasted 00:45:10 (4018 turns).

profreshinal the Executioner (Hill Orc Skald)       Turns: 4018, Time: 00:45:10

Health: -10/123    AC:  0    Str: 16    XL:     13   Next: 4%
Magic:  23/23      EV: 22    Int: 14    God:    Okawaru [*****.]
Gold:   1178       SH:  0    Dex: 12    Spells: 4 memorised, 18 levels left

rFire  . . .     SeeInvis .       - Unarmed
rCold  . . .     Gourm    .     (armour currently unavailable)
rNeg   . . .     Faith    .     (shield currently unavailable)
rPois  .         Spirit   .     (helmet currently unavailable)
rElec  .         Dismiss  .     (cloak currently unavailable)
rCorr  .         Reflect  .     (gloves currently unavailable)
SustAt .         Harm     .     (boots currently unavailable)
MR     .....     NoTele   +     (no amulet)
Stlth  ++........               (ring currently unavailable)
                                (ring currently unavailable)

@: pig-form, heroism, slowed, not resistant to hostile enchantments, unstealthy
A: no striking features
a: Heroism, Finesse, Renounce Religion


You were in the Dungeon.
You worshipped Okawaru.
Okawaru was extremely pleased with you.
You were very hungry.
You were a filthy swine.
You visited 1 branch You collected 1910 gold pieces.
You spent 732 gold pieces at shops.

Inventory:

Hand Weapons
 n - a +1 broad axe of freezing (melded)
 w - a +2 battleaxe of freezing
 O - a +0 blowgun
Missiles
 b - 3 throwing nets (quivered)
 N - 10 curare-tipped needles
Armour
 o - a +0 pair of boots (melded)
 p - the +7 steam dragon armour of the Valley (melded) {MR- Regen+ rCorr Int+8}
   (Okawaru gifted it to you in the Dungeon)

   It affects your intelligence (+8).
   It affects your resistance to hostile enchantments.
   It increases your rate of regeneration.
   It protects you from acid and corrosion.
 s - a +1 buckler of protection (melded)
 y - a +0 cloak (melded)
 C - a +0 helmet (melded)
 D - a +0 pair of gloves (melded)
 F - a +0 plate armour
 G - a +4 chain mail
 H - a +0 hat of intelligence
 I - a +0 chain mail of cold resistance
 W - a +2 scale mail of fire resistance
Jewellery
 q - a +2 ring of evasion (melded)
 r - a +2 ring of evasion (melded)
 Q - an uncursed ring of protection from magic
 R - an uncursed ring of protection from cold
Wands
 m - a wand of iceblast (3/15)
 J - a wand of teleportation (7/9)
Scrolls
 j - a scroll of blinking
 k - 4 scrolls of remove curse
 l - 2 scrolls of amnesia
 t - 3 scrolls of fog
 u - 3 scrolls of enchant armour
 v - a scroll of identify
 K - 3 scrolls of enchant weapon
 L - 2 scrolls of recharging
 V - a scroll of fear
Potions
 e - a potion of invisibility
 f - a potion of heal wounds
 g - a potion of cure mutation
 h - 4 potions of magic
 i - 8 potions of curing
 x - a potion of cancellation
 E - a potion of resistance {unknown}
 M - a potion of berserk rage
 U - a potion of brilliance
Books
 c - a book of Battle

   Spells                             Type                      Level
   a - Infusion                       Charms                       1
   b - Shroud of Golubria             Charms/Translocation         2
   c - Song of Slaying                Charms                       2
   d - Spectral Weapon                Hexes/Charms                 3
   e - Regeneration                   Charms/Necromancy            3
Comestibles
 d - 40 fruits
 z - a beef jerky
 A - 12 bread rations
 B - 12 meat rations


   Skills:
 + Level 13.8(18.8) Fighting
 + Level 21.9(26.9) Axes
 + Level 12.7(17.7) Armour
 + Level 9.1(14.1) Dodging
 + Level 12.0(17.0) Shields
 - Level 7.0 Spellcasting
 - Level 12.0 Charms
 - Level 10.2 Invocations


You had 18 spell levels left.
You knew the following spells:

 Your Spells              Type           Power        Failure   Level  Hunger
a - Infusion              Chrm           ####         1%          1    None
b - Song of Slaying       Chrm           #####...     1%          2    #......
c - Shroud of Golubria    Chrm/Tloc      ###.......   1%          2    #......
d - Regeneration          Chrm/Necr      ###.......   4%          3    ##.....


Dungeon Overview and Level Annotations

Branches:
Dungeon (1/1)

Altars:
Cheibriados
Dithmenos
Elyvilon
Fedhas
Gozag
Kikubaaqudgha
Makhleb
Nemelex Xobeh
Okawaru
Pakellas
Qazlal
Ru
Sif Muna
Trog
Vehumet
Xom
Yredelemnul
Zin
The Shining One
Beogh
Jiyva
Lugonu

Shops:
D }?[(

Annotations:
D Kirke


Message History

You bite Kirke!
Kirke is severely wounded.
Kirke casts a spell.
Kirke flickers and vanishes!
Deactivating autopickup; reactivate with Ctrl-A.
You hit something. Something hits you. Something hits you!
You miss something. Something hits you!
You barely miss something. Something closely misses you.
You barely miss something. Something hits you! x2
* * * LOW HITPOINT WARNING * * *
You hit something. Something hits you!
* * * LOW HITPOINT WARNING * * *
You are no longer glowing.
You hear some strange, mumbled words.
Something summons some harpies!
The harpy claws you!
* * * LOW HITPOINT WARNING * * *
The harpy misses you. The harpy barely misses you. The harpy claws you!
You die...

,*,*,*,*,*,*,*,▓.▓[▓.▓)▓.▓.▓.▓_▓
,*,*,*,*,*,*,*,▓h▓[▓.▓)▓.▓†▓.▓_▓
,*,*,*,*,*,*,*,▓.▓[▓.▓)▓.▓.▓.▓_▓
,*,*,*,*,*,*,*,▓h▓)▓.▓)▓.▓.▓.▓_▓
,*,*,*,*,*,*,*,▓h▓)▓.▓)▓.▓.▓.▓_▓
,*+*,*,*,*,*,*+♣.▓)▓.▓)▓.▓.▓.▓_▓
,*,*,*,*,*+*,*,♣.▓=▓.▓)▓.▓†▓.▓_▓
,*,*,*,*,*,*,*,♣H▓(▓.▓.▓.▓†▓.▓_▓
,*,*,*,*,*,*,*,♣h▓.▓.▓.▓.▓†▓.▓_▓
,*,*,*,*,*,*,*,♣.▓.▓.▓[▓.▓.▓.▓'▓
,*,*,*,*,*,*,*,♣.▓.▓.▓)▓.▓.▓.▓.▓
,*,*,*,*,*,*,*,♣.▓(▓.▓)▓.▓'▓.▓.▓
,*,*,*,*,*,*,*,♣.▓(▓.▓)▓.▓.▓.▓|▓
,*,*,*,*,*,*,*,♣.▓†▓.▓)▓.▓.▓.▓)▓
,*,*,*,*,*,*,*,♣.▓)▓.▓)▓)▓.▓.▓[▓
,*,*,*,*,*,*,*+▓.▓)▓.▓)▓.▓.▓.▓.▓
,*,*,*,*,*,*,*,▓.▓)▓.▓∩▓.▓.▓.▓.▓


You could see a harpy and 3 hogs.

Vanquished Creatures
  Gastronok (D)
  A frost giant (D)
  2 stone giants (D)
  A dire elephant (D)
  An ettin (D)
  A fire dragon (D)
  Harold (D)
  3 hydras (D)
  Erica (D)
  A tengu warrior (D)
  Sonja (D)
  5 orc sorcerers (D)
  A faun (shapeshifter) (D)
  2 orc knights (D)
  A griffon (D)
  7 elephants (D)
  2 black mambas (D)
  2 spiny frogs (D)
  2 yaktaurs (D)
  A troll (D)
  A polar bear (D)
  2 yaks (D)
  A hippogriff (D)
  A vampire mosquito (D)
  A mottled dragon (D)
  3 water moccasins (D)
  A porcupine (D)
  2 ice beasts (D)
  A sky beast (D)
  13 orc warriors (D)
  2 centaurs (D)
  A necrophage (D)
  3 giant frogs (D)
  A killer bee (D)
  2 crimson imps (D)
  3 orc priests (D)
  12 orc wizards (D)
  A shadow imp (D)
  An adder skeleton (D)
  A giant gecko (D)
  4 orcs (D)
  3 bats (D)
  2 bat skeletons (D)
  A bat zombie (D)
  A giant cockroach (D)
  A quokka (D)
  A giant gecko zombie (D)
  A giant newt (D)
  A rat (D)
105 creatures vanquished.

Notes
Turn   | Place    | Note
--------------------------------------------------------------
     0 | D        | profreshinal the Hill Orc Skald began the quest for the Orb.
     0 | D        | Reached XP level 1. HP: 18/18 MP: 3/3
    10 | D        | Reached skill level 3 in Axes
    30 | D        | Reached skill level 1 in Dodging
   117 | D        | Noticed an ice beast
   117 | D        | Noticed a necrophage
   126 | D        | Killed an ice beast
   126 | D        | Reached skill level 9 in Axes
   126 | D        | Reached skill level 5 in Charms
   126 | D        | Reached XP level 2. HP: 16/26 MP: 1/4
   126 | D        | Reached XP level 3. HP: 19/31 MP: 1/5
   126 | D        | Reached XP level 4. HP: 24/38 MP: 1/6
   135 | D        | Killed a necrophage
   135 | D        | Reached skill level 11 in Axes
   135 | D        | Reached XP level 5. HP: 25/44 MP: 0/7
   392 | D        | Learned a level 2 spell: Song of Slaying
   395 | D        | Learned a level 2 spell: Shroud of Golubria
   544 | D        | Found a glowing silver altar of Zin.
   544 | D        | Found a glowing golden altar of the Shining One.
   544 | D        | Found an ancient bone altar of Kikubaaqudgha.
   544 | D        | Found a basalt altar of Yredelemnul.
   544 | D        | Found a shimmering altar of Xom.
   544 | D        | Found a radiant altar of Vehumet.
   545 | D        | Found an iron altar of Okawaru.
   546 | D        | Found a burning altar of Makhleb.
   547 | D        | Found a deep blue altar of Sif Muna.
   548 | D        | Found a bloodstained altar of Trog.
   549 | D        | Found a sparkling altar of Nemelex Xobeh.
   550 | D        | Found a white marble altar of Elyvilon.
   551 | D        | Found a roughly hewn altar of Beogh.
   552 | D        | Found a viscous altar of Jiyva.
   553 | D        | Became a worshipper of Warmaster Okawaru
   554 | D        | Found a corrupted altar of Lugonu.
   555 | D        | Found a blossoming altar of Fedhas.
   556 | D        | Found a snail-covered altar of Cheibriados.
   557 | D        | Found a shadowy altar of Dithmenos.
   558 | D        | Found a stormy altar of Qazlal.
   559 | D        | Found an opulent altar of Gozag.
   560 | D        | Found a sacrificial altar of Ru.
   561 | D        | Found an oddly glowing altar of Pakellas.
   627 | D        | Noticed a sky beast
   637 | D        | Reached skill level 12 in Axes
   637 | D        | Reached XP level 6. HP: 43/52 MP: 4/9
   642 | D        | Killed a sky beast
   754 | D        | Noticed a hippogriff
   754 | D        | Noticed a tengu warrior
   754 | D        | Noticed a troll
   759 | D        | Killed a hippogriff
   759 | D        | Reached * piety under Okawaru
   759 | D        | Reached skill level 5 in Fighting
   759 | D        | Reached skill level 13 in Axes
   759 | D        | Reached XP level 7. HP: 52/61 MP: 2/12
   778 | D        | Killed a tengu warrior
   778 | D        | Reached ** piety under Okawaru
   778 | D        | Reached skill level 14 in Axes
   778 | D        | Reached XP level 8. HP: 41/73 MP: 0/14
   781 | D        | Killed a troll
   781 | D        | Reached skill level 15 in Axes
   786 | D        | Reached skill level 5 in Spellcasting
  1151 | D        | Noticed a black mamba
  1151 | D        | Noticed a spiny frog
  1151 | D        | Noticed a five-headed hydra
  1151 | D        | Noticed a black mamba
  1154 | D        | Reached skill level 1 in Shields
  1156 | D        | Noticed a yak
  1160 | D        | Noticed a seven-headed hydra
  1167 | D        | Killed a 16-headed hydra
  1167 | D        | Reached *** piety under Okawaru
  1167 | D        | Reached skill level 17 in Axes
  1167 | D        | Reached skill level 5 in Shields
  1167 | D        | Reached XP level 9. HP: 50/79 MP: 0/16
  1176 | D        | Killed a black mamba
  1176 | D        | Reached skill level 18 in Axes
  1516 | D        | Killed a 12-headed hydra
  1516 | D        | Reached skill level 19 in Axes
  1810 | D        | Killed a spiny frog
  1810 | D        | Reached XP level 10. HP: 79/86 MP: 14/17
  1821 | D        | Killed a black mamba
  1837 | D        | Reached **** piety under Okawaru
  1837 | D        | Reached skill level 20 in Axes
  1837 | D        | Reached skill level 5 in Invocations
  2043 | D        | Learned a level 3 spell: Regeneration
  2048 | D        | Noticed a five-headed hydra
  2048 | D        | Noticed a spiny frog
  2048 | D        | Noticed a griffon
  2058 | D        | Killed a 12-headed hydra
  2065 | D        | Killed a spiny frog
  2071 | D        | Killed a griffon
  2073 | D        | Reached ***** piety under Okawaru
  2211 | D        | Noticed an elephant
  2211 | D        | Noticed an elephant
  2211 | D        | Noticed a dire elephant
  2211 | D        | Noticed an elephant
  2211 | D        | Noticed an elephant
  2211 | D        | Noticed an elephant
  2224 | D        | Killed an elephant
  2234 | D        | Noticed an elephant
  2242 | D        | Killed a dire elephant
  2242 | D        | Reached XP level 11. HP: 36/99 MP: 10/20
  2248 | D        | Reached skill level 5 in Dodging
  2248 | D        | Reached skill level 10 in Charms
  2257 | D        | Reached skill level 10 in Fighting
  2277 | D        | Received a gift from Okawaru
  2491 | D        | Noticed Harold
  2505 | D        | Killed Harold
  2505 | D        | Reached skill level 10 in Invocations
  2864 | D        | Noticed an orc knight
  2883 | D        | Killed an orc knight
  2883 | D        | Reached skill level 10 in Armour
  2885 | D        | Noticed an orc sorcerer
  2894 | D        | Noticed an orc knight
  2904 | D        | Killed an orc sorcerer
  2918 | D        | Killed an orc knight
  3208 | D        | Found Nyruqip's Gadget Emporium.
  3210 | D        | Noticed an orc sorcerer
  3215 | D        | Found Dotyt's Magic Scroll Shoppe.
  3221 | D        | Noticed a sun demon
  3229 | D        | Noticed an orc sorcerer
  3233 | D        | Killed an orc sorcerer
  3233 | D        | Reached XP level 12. HP: 112/112 MP: 12/22
  3236 | D        | Found Urel's Antique Armour Emporium.
  3242 | D        | Received a gift from Okawaru
  3246 | D        | Found Qeuxzom's Antique Weapon Shoppe.
  3261 | D        | Reached skill level 10 in Shields
  3325 | D        | Bought a scroll of magic mapping for 42 gold pieces
  3325 | D        | Bought a scroll of enchant armour for 90 gold pieces
  3325 | D        | Bought a scroll of enchant weapon for 90 gold pieces
  3325 | D        | Bought a scroll of recharging for 114 gold pieces
  3328 | D        | Bought a wand of teleportation (7/9) for 396 gold pieces
  3399 | D        | Noticed Erica
  3411 | D        | Killed Erica
  3411 | D        | Reached skill level 21 in Axes
  3421 | D        | Noticed Sonja
  3425 | D        | Killed Sonja
  3609 | D        | Noticed a fire dragon
  3619 | D        | Noticed a stone giant
  3623 | D        | Noticed a frost giant
  3631 | D        | Killed a fire dragon
  3644 | D        | Killed a stone giant
  3644 | D        | HP: 3/113 [frost giant/bolt of cold (35)]
  3657 | D        | Noticed a stone giant
  3661 | D        | Noticed an ettin
  3669 | D        | Killed a frost giant
  3692 | D        | Killed a stone giant
  3702 | D        | Killed an ettin
  3846 | D        | Noticed Gastronok
  3863 | D        | Killed Gastronok
  3863 | D        | Received a gift from Okawaru
  3863 | D        | Reached XP level 13. HP: 120/123 MP: 18/23
  3866 | D        | Got a spiked steam dragon armour {god gift}
  3900 | D        | Identified the +7 steam dragon armour of the Valley {MR- Regen+ rCorr Int+8} (Okawaru gifted it to you in the Dungeon)
  3953 | D        | Noticed Kirke
  4017 | D        | HP: 3/123 [harpy[Kirke] (9)]
  4018 | D        | Mangled by a harpy

Skill      XL: |  1  2  3  4  5  6  7  8  9 10 11 12 |
---------------+-------------------------------------+-----
Axes           | 9 11 12 13 14 17 19 20 21 | 21.9
Charms         | 5 6 7 8 9 10 12 | 12.0
Fighting       | 3 5 7 9 11 13 | 13.8
Dodging        | 1 2 4 7 9 |  9.1
Armour         | 2 4 6 8 10 12 | 12.7
Spellcasting   | 2 3 4 5 6 7 |  7.0
Invocations    | 2 8 10 | 10.2
Shields        | 5 8 9 12 | 12.0

Action                   |  1- 3 |  4- 6 |  7- 9 | 10-12 | 13-15 || total
-------------------------+-------+-------+-------+-------+-------++-------
Melee: Hand axe          |    34 |    21 |       |       |       ||    55
       Broad axe         |       |    26 |    51 |   362 |     8 ||   447
       Unarmed           |       |       |       |       |    16 ||    16
 Cast: Infusion          |     3 |     1 |     4 |     1 |       ||     9
       Shroud of Golubri |       |     5 |     5 |     6 |       ||    16
       Song of Slaying   |       |     4 |     4 |     6 |       ||    14
       Regeneration      |       |       |       |     8 |       ||     8
Invok: Heroism           |       |       |     5 |    10 |     1 ||    16
       Finesse           |       |       |       |     8 |       ||     8
Evoke: Wand              |       |       |       |     4 |       ||     4
  Use: Potion            |     1 |     1 |     2 |     9 |       ||    13
       Scroll            |       |       |     1 |     1 |       ||     2
  Eat: Chunk             |       |     1 |     1 |     8 |       ||    10
       Bread ration      |       |       |     1 |       |       ||     1
Armor: Leather armour    |    12 |     1 |       |       |       ||    13
       Scale mail        |       |    14 |    33 |    32 |       ||    79
       Chain mail        |       |       |       |    19 |       ||    19
       Steam dragon armo |       |       |       |       |     3 ||     3
Dodge: Dodged            |    29 |    25 |    58 |    87 |    17 ||   216
Block: Buckler           |       |       |    12 |    53 |     5 ||    70
